 Dungeon Crawl Stone Soup version 0.29-a0-973-gac7da5f7f0 (webtiles) character file.

Game seed: 6228566887162860066

12 greasedhog the Digger (level 2, 0/15 HPs)
             Began as a Gargoyle Earth Elementalist on July 31, 2022.
             Slain by a quokka (1 damage)
             ... on level 1 of the Dungeon on Aug 1, 2022.
             The game lasted 00:01:05 (588 turns).

greasedhog the Digger (Gargoyle Earth Elementalist)  Turns: 588, Time: 00:01:06

Health: 0/15       AC:  4    Str: 11    XL:     2   Next: 33%
Magic:  5/5        EV: 11    Int: 15    God:
Gold:   22         SH:  0    Dex: 10    Spells: 4/5 levels left

rFire   . . .      SeeInvis .   c - staff of conjuration
rCold   . . .      Faith    .   (no shield)
rNeg    + . .      Spirit   .   a - +0 robe
rPois   ∞          Reflect  .   (no helmet)
rElec   +          Harm     .   (no cloak)
rCorr   .          Rampage  .   (no gloves)
Will    .....                   (no boots)
Stlth   ++........              (no amulet)
HPRegen 0.05/turn               (no ring)
MPRegen 0.09/turn               (no ring)

@: attractive
A: sickness immunity, AC +2, negative energy resistance 1, electricity
resistance, torment resistance 1, petrification resistance
a: no special abilities


You were on level 1 of the Dungeon.
You visited 1 branch of the dungeon, and saw 1 of its levels.

You collected 22 gold pieces.

Inventory:

Armour
 a - a +0 robe (worn)
Magical Staves
 c - a staff of conjuration (weapon)
Scrolls
 e - 3 scrolls of amnesia {unknown}
 f - a scroll of noise {unknown}


   Skills:
 - Level 1.5 Dodging
 * Level 2.6 Stealth
 * Level 2.2 Spellcasting
 - Level 0.7 Transmutations
 * Level 3.9 Earth Magic


You had 4 spell levels left.
You knew the following spells:

 Your Spells              Type           Power      Damage    Failure   Level
a - Sandblast             Erth           26%        2d8       4%          1

Your spell library contained the following spells:

 Spells                   Type           Power      Damage    Failure   Level
 Passwall                 Tmut/Erth      6%         N/A       13%         2
 Stone Arrow              Conj/Erth      22%        3d8       28%         3
 Petrify                  Tmut/Erth      8%         N/A       63%         4


Dungeon Overview and Level Annotations

Branches:
Dungeon (1/15)

Altars:


Innate Abilities, Weirdness & Mutations

You are immune to sickness and miasma.
Your stone body is resilient. (AC +2)
You are immune to poison.
You resist negative energy. (rN+)
You are resistant to electric shocks. (rElec)
You are resistant to unholy torment.
You are immune to petrification.


Message History

The quokka barely misses you. x2
Casting: Sandblast (safe; 4% risk of failure)
Confirm with . or Enter, or press ? or * to list all spells.
Aiming: Sandblast (safe; 4% risk of failure)
Press: ? - help, Shift-Dir - straight line, f/p - quokka
Aim: a quokka (lightly wounded, 75% to hit)
The blast of sand hits the quokka.
The quokka is almost dead.
The quokka misses you.
The quokka bites you but does no damage.
The ball python bites you but does no damage.
The ball python barely misses you.
The quokka bites you but does no damage.
The quokka attacks as you move away!
The quokka bites you but does no damage.
The ball python attacks as you move away!
The ball python bites you but does no damage.
The ball python closely misses you. The ball python grabs you.
The ball python constricts you.
The ball python bites you but does no damage.
The ball python constricts you.
You escape the ball python's grasp.
You see here a quokka corpse.
Casting: Sandblast (safe; 4% risk of failure)
Confirm with . or Enter, or press ? or * to list all spells.
Aiming: Sandblast (safe; 4% risk of failure)
Press: ? - help, Shift-Dir - straight line, f/p - quokka
Aim: a quokka (almost dead, 75% to hit)
The blast of sand misses the quokka.
The quokka barely misses you. The quokka bites you.
* * * LOW HITPOINT WARNING * * *
The quokka bites you but does no damage.
It was a potion of attraction.
You feel attractive to monsters. The quokka barely misses you.
You miss the quokka.
The quokka is almost dead.
The quokka bites you but does no damage.
Magic courses through your body. The quokka bites you.
You die...

#.....# #.# #.#
#####.# #.# #.#
#.# #.# #.# ≈
#.# #.# .. #.#
#.# .≈≈ #.# #.#
...≈ #.# ###.#
≈....#########.#
#...##
.≈≈.....Sr@....#
#.#...
..≈≈.....#######
##∩####
≈#..##.#.#
##...... # #.#.#
#....... #.#.#
#....... #.#.#
#.♣..... #.#..
#....... #.###
#.....♣. #.
♣.......


You could see a quokka and a ball python.

Vanquished Creatures
  3 ball pythons (D:1)
  A bat (D:1)
  An endoplasm (D:1)
  A goblin (D:1)
  2 hobgoblins (D:1)
  A quokka (D:1)
  A rat (D:1)
10 creatures vanquished.

Notes
Turn   | Place    | Note
-------+----------+-------------------------------------------
     0 | D:1      | greasedhog the Gargoyle Earth Elementalist began the quest
                  | for the Orb.
     0 | D:1      | Reached XP level 1. HP: 10/10 MP: 3/3
   413 | D:1      | Reached XP level 2. HP: 15/15 MP: 3/5
   444 | D:1      | Found a faded altar of an unknown god.
   588 | D:1      | Slain by a quokka

Illustrated notes

Levels and vault maps discovered:
D:1:      nzn_arrival_settlement, layout_loops_ring, serial_rivers,
          chequers_serial_rivers_micro_a, chequers_serial_rivers_micro_a,
          chequers_serial_rivers_marsh, chequers_serial_rivers_room_a,
          chequers_serial_rivers_micro_a, basic_ecumenical_altar

Action                   || total
-------------------------++-------
Melee: Staff             ||     1
 Cast: Sandblast         ||    19
  Use: Potion            ||     2
Armor: Robe              ||     9
Dodge: Dodged            ||    11

Table legend: (Time is in decaauts)
 A = Elapsed time spent in this place.
 B = Non-inter-level travel time spent in this place.
 C = Inter-level travel time spent in this place.
 D = Time resting spent in this place.
 E = Time spent auto-exploring this place.
 F = Levels seen in this place.
 G = Mean time per level.
                   A        B        C        D        E       F      G
               +--------+--------+--------+--------+--------+-----+--------+
         Total |    608 |    608 |      0 |      0 |    516 |   1 |  608.0 |
       Dungeon |    608 |    608 |      0 |      0 |    516 |   1 |  608.0 |
               +--------+--------+--------+--------+--------+-----+--------+

Top non-repeatable levels by time:
     D:1: 608 daAuts
